[Event "Titled Tuesday Blitz July 25 Early 2023"]
[White "Morefield, Jason"]
[Black "Kazakouski, Valery"]
[WhiteFideId "30920825"]
[BlackFideId "13507443"]
[WhiteElo "2746"]
[BlackElo "2862"]
[Result "1-0"]
[Round "9"]
[TimeControl "180+2"]
[Date "2023.07.25"]
[WhiteClock "0:00:05"]
[BlackClock "0:00:00"]
[Board "27"]

1. e4 c5 2. Nf3 a6 3. c4 Nc6 4. d4 cxd4 5. Nxd4 e5 6. Nf5 d6 7. Ne3 g6 8. Nc3 Bh6 9. Bd3 Be6 10. O-O Nf6 11. Ned5 Bxc1 12. Qxc1 O-O 13. Qe3 Bxd5 14. exd5 Nb8 15. f4 Nbd7 16. fxe5 Nxe5 17. Be2 Rc8 18. b3 Kg7 19. Rf4 Nfd7 20. Raf1 f5 21. g3 Re8 22. Qd4 Qb6 23. Qxb6 Nxb6 24. Kg2 h5 25. h3 Ned7 26. g4 Nxd5 27. Nxd5 Rxe2+ 28. Kg3 hxg4 29. hxg4 Rh8 30. gxf5 Reh2 31. fxg6 Ne5 32. Rf7+ Nxf7 33. Rxf7+ Kxg6 34. Rxb7 R8h3+ 35. Kf4 Rxa2 36. Rb6 Kf7 37. Rxd6 Rxb3 38. c5 Rc2 39. c6 a5 40. c7 a4 41. Rd8 Rbc3 42. Nxc3 1-0


[Site "https://www.chess.com"]

[Event "Titled Tuesday Blitz July 25 Early 2023"]
[White "Mahdavi, Reza"]
[Black "KhalilMousavi98"]
[WhiteFideId "12595926"]
[WhiteElo "2739"]
[BlackElo "2843"]
[Result "1-0"]
[Round "9"]
[TimeControl "180+2"]
[Date "2023.07.25"]
[WhiteClock "0:00:24"]
[BlackClock "0:00:00"]
[Board "28"]

1. e4 c5 2. Nf3 d6 3. d4 cxd4 4. Qxd4 Nc6 5. Bb5 Bd7 6. Bxc6 Bxc6 7. Nc3 Nf6 8. Bg5 e6 9. O-O-O Be7 10. Qd3 Qa5 11. h4 O-O 12. Nd4 Rac8 13. Kb1 Rfe8 14. f3 a6 15. g4 b5 16. Bd2 b4 17. Nce2 Nd7 18. a3 Ne5 19. Qb3 d5 20. axb4 Qb6 21. Nxc6 Rxc6 22. exd5 exd5 23. Nf4 Nc4 24. Nxd5 Qb5 25. Bf4 Bd8 26. Rd4 h6 27. Rhd1 Bb6 28. Nc3 Bxd4 29. Nxb5 Bxb2 30. Nd6 1-0


[Site "https://www.chess.com"]

[Event "Titled Tuesday Blitz July 25 Early 2023"]
[White "Harsh Suresh"]
[Black "Timmermans, Mark"]
[WhiteFideId "45018464"]
[BlackFideId "1026399"]
[WhiteElo "2839"]
[BlackElo "2736"]
[Result "1-0"]
[Round "9"]
[TimeControl "180+2"]
[Date "2023.07.25"]
[WhiteClock "0:00:07"]
[BlackClock "0:00:36"]
[Board "29"]

1. Nf3 Nf6 2. g3 e6 3. Bg2 d5 4. O-O Be7 5. d3 O-O 6. Re1 b5 7. a4 b4 8. a5 a6 9. Nbd2 Bb7 10. Nb3 c5 11. Be3 d4 12. Bg5 Bd5 13. Bxf6 gxf6 14. Nfd2 Nc6 15. Bxd5 Qxd5 16. e4 dxe3 17. Rxe3 f5 18. Nc4 Rad8 19. Qf3 Qxf3 20. Rxf3 Rd5 21. Re3 Bf6 22. Nb6 Rdd8 23. Na4 Nd4 24. Nxd4 cxd4 25. Re2 Rfe8 26. Nb6 Kf8 27. f4 Be7 28. Kg2 Bc5 29. Nc4 Rb8 30. b3 Rb5 31. h3 h5 32. Kf3 Be7 33. g4 fxg4+ 34. hxg4 hxg4+ 35. Kxg4 Bf6 36. Nd6 Rc5 37. Nxe8 Kxe8 38. Kf3 Rh5 39. Ra4 Rb5 40. Rg2 Kf8 41. Ke2 Bd8 42. Kd2 Bxa5 43. Rg5 Bc7 44. Rxb5 axb5 45. Ra8+ Ke7 46. Ra7 Kd8 47. Ke2 f5 48. Kf3 Kd7 49. Ra6 Bd6 50. Rb6 Bc5 51. Rxb5 Kc6 52. Ra5 Kd5 53. Ra1 Bd6 54. Ra8 Be7 55. Re8 Bd6 56. Rh8 Be7 57. Rh7 Bd6 58. Kg3 Bb8 59. Rb7 Bd6 60. Kf3 Kc6 61. Rh7 Kd5 62. Ra7 Kc6 63. Ra5 Bc7 64. Ra4 Bd6 65. Ra1 Kd5 66. Rf1 Be7 67. Kg3 Bd8 68. Re1 Bc7 69. Rf1 Bd8 70. Rf2 Be7 71. Rh2 Bd6 72. Rh7 Kc6 73. Rh6 Kd5 74. Rh8 Kc6 75. Rc8+ Kd5 76. Rc4 Be7 77. Kh3 Bd8 78. Rxb4 Bc7 79. Kg3 e5 80. fxe5 Bxe5+ 81. Kf3 Bd6 82. Rb5+ Ke6 83. Ra5 1-0


[Site "https://www.chess.com"]

[Event "Titled Tuesday Blitz July 25 Early 2023"]
[White "Kuznetsov, Felix"]
[Black "Kaasen, Tor Fredrik"]
[WhiteFideId "34147990"]
[BlackFideId "1516647"]
[WhiteElo "2725"]
[BlackElo "2817"]
[Result "0-1"]
[Round "9"]
[TimeControl "180+2"]
[Date "2023.07.25"]
[WhiteClock "0:01:07"]
[BlackClock "0:01:54"]
[Board "30"]

1. e4 e5 2. Nc3 Nc6 3. Bc4 Nf6 4. d3 Na5 5. Nge2 Bc5 6. h3 d6 7. Bg5 h6 8. Bh4 g5 9. Bg3 Nxc4 10. dxc4 Be6 11. Qd3 Nh5 12. f3 Nf4 13. Bxf4 gxf4 14. O-O-O Rg8 15. Rh2 a6 16. Na4 Be3+ 17. Kb1 b5 18. cxb5 axb5 19. Nac3 Bc4 0-1


[Site "https://www.chess.com"]

[Event "Titled Tuesday Blitz July 25 Early 2023"]
[White "Samunenkov, Ihor"]
[Black "Nasuta, Grzegorz"]
[WhiteFideId "14187086"]
[BlackFideId "1141686"]
[WhiteElo "2796"]
[BlackElo "2708"]
[Result "0-1"]
[Round "9"]
[TimeControl "180+2"]
[Date "2023.07.25"]
[WhiteClock "0:00:00"]
[BlackClock "0:00:02"]
[Board "31"]

1. e4 c5 2. Nf3 d6 3. d4 cxd4 4. Nxd4 Nf6 5. Nc3 a6 6. h3 e6 7. g4 Nfd7 8. g5 b5 9. a3 Bb7 10. h4 Be7 11. Be3 Nc6 12. Rg1 O-O 13. Qd2 Rc8 14. Be2 Nc5 15. f3 b4 16. axb4 Nxb4 17. h5 g6 18. hxg6 hxg6 19. Rh1 Kg7 20. Nb3 Nxb3 21. cxb3 e5 22. Bc4 Rh8 23. Rh6 Rxh6 24. gxh6+ Kh7 25. Bxf7 Bh4+ 26. Ke2 Qf6 27. Bc4 Rf8 28. Rf1 Bg3 29. Nd5 Nxd5 30. Bxd5 Bxd5 31. Qxd5 Bf4 32. Bb6 Bxh6 33. Bc7 Rc8 34. Qxd6 Qxd6 35. Bxd6 Rc2+ 36. Ke1 Rxb2 37. Bxe5 Rxb3 38. Kf2 g5 0-1


[Site "https://www.chess.com"]

[Event "Titled Tuesday Blitz July 25 Early 2023"]
[White "Haug, Havard"]
[Black "Fiorito, Joaquin"]
[WhiteFideId "1547887"]
[BlackFideId "180173"]
[WhiteElo "2662"]
[BlackElo "2790"]
[Result "0-1"]
[Round "9"]
[TimeControl "180+2"]
[Date "2023.07.25"]
[WhiteClock "0:00:07"]
[BlackClock "0:00:14"]
[Board "32"]

1. e4 c5 2. c3 e5 3. Nf3 Nc6 4. Bc4 Nf6 5. d4 cxd4 6. Qb3 Na5 7. Qa4 Nxc4 8. Qxc4 d5 9. exd5 Qxd5 10. Qxd5 Nxd5 11. Nxe5 dxc3 12. O-O cxb2 13. Bxb2 Be6 14. Nf3 Be7 15. Bxg7 Rg8 16. Be5 h5 17. Nbd2 h4 18. Rfe1 Rc8 19. Ne4 h3 20. g3 Rg4 21. Rad1 Rc4 22. Nd6+ Bxd6 23. Bxd6 Kd7 24. Bb8 f6 25. Nd4 Rcxd4 26. Rb1 b6 27. Bxa7 Rge4 28. Rec1 Rc4 29. Rc2 Rxc2 30. Rf1 Kc7 31. Kh1 Bg4 32. Rg1 Bf3+ 33. Rg2 Bxg2+ 34. Kg1 Rc1# 0-1


[Site "https://www.chess.com"]

[Event "Titled Tuesday Blitz July 25 Early 2023"]
[White "Kosteniuk, Alexandra"]
[Black "Sipila, Vilka"]
[WhiteFideId "4128125"]
[BlackFideId "505455"]
[WhiteElo "2781"]
[BlackElo "2624"]
[Result "1-0"]
[Round "9"]
[TimeControl "180+2"]
[Date "2023.07.25"]
[WhiteClock "0:00:15"]
[BlackClock "0:00:04"]
[Board "33"]

1. e4 c5 2. c3 d5 3. exd5 Qxd5 4. d4 cxd4 5. cxd4 Nf6 6. Nc3 Qd8 7. Nf3 e6 8. Bd3 Nc6 9. O-O Be7 10. Bg5 h6 11. Bh4 Nd5 12. Bg3 Nxc3 13. bxc3 Bd6 14. Bc2 Bxg3 15. hxg3 O-O 16. Qd3 g6 17. Rfe1 b6 18. Re4 Kg7 19. Rg4 f5 20. Rh4 g5 21. Rh5 e5 22. Qd2 Kg6 23. g4 e4 24. Nh2 Ne5 25. Qe2 Nd3 26. Bxd3 exd3 27. Qxd3 Re8 28. Qh3 Rh8 29. Nf3 Qf6 30. Ne5+ Kg7 31. Qf3 Rb8 32. gxf5 Bxf5 33. Re1 Rbf8 34. Qb7+ Kg8 35. f4 Bc8 36. Qd5+ Be6 37. Qe4 Bf5 38. Qe2 Rh7 39. fxg5 hxg5 40. Rxh7 Bxh7 41. Qf3 Qe6 42. Qg3 Rf5 43. Rf1 Rxf1+ 44. Kxf1 Qf6+ 45. Kg1 Bb1 46. a3 Ba2 47. Nf3 Kf8 48. Qxg5 Qc6 49. Qf4+ Kg8 50. Qg3+ Kh8 51. Ne5 Qxc3 52. Qxc3 1-0


[Site "https://www.chess.com"]

[Event "Titled Tuesday Blitz July 25 Early 2023"]
[White "Nazari, Arad"]
[Black "Garv Gaur"]
[WhiteFideId "12577324"]
[BlackFideId "45030839"]
[WhiteElo "2779"]
[BlackElo "2574"]
[Result "1/2-1/2"]
[Round "9"]
[TimeControl "180+2"]
[Date "2023.07.25"]
[WhiteClock "0:00:28"]
[BlackClock "0:00:46"]
[Board "34"]

1. e4 c6 2. Nf3 d5 3. Nc3 g6 4. d4 Bg7 5. Be2 dxe4 6. Nxe4 Nf6 7. Nxf6+ exf6 8. O-O O-O 9. h3 a5 10. a4 Na6 11. c3 Nc7 12. Nd2 Nd5 13. Nc4 Be6 14. Ne3 Qd7 15. Nxd5 Bxd5 16. Bf3 Rfe8 17. Bf4 f5 18. Bxd5 Qxd5 19. Qd3 c5 20. Be3 cxd4 21. Bxd4 Rad8 22. Rfd1 Bxd4 23. Qxd4 Qxd4 24. Rxd4 Rxd4 25. cxd4 Re2 26. Rb1 Rd2 27. b4 Rxd4 28. bxa5 Rxa4 29. Rxb7 Rxa5 30. g3 Kg7 31. Kg2 Kf6 32. Rb6+ Kg7 33. h4 h6 34. Rb4 Re5 35. Rc4 Re4 36. Rc5 Kf6 37. Rc6+ Re6 38. Rc5 g5 39. hxg5+ hxg5 40. Kf3 Kg6 41. Rb5 Rc6 42. Rb4 Rc3+ 43. Kg2 Rc5 44. Rd4 Re5 45. Rb4 Re4 46. Rb6+ Re6 47. Rb8 Rf6 48. Rg8+ Kh6 49. Kf3 f4 50. g4 Rg6 51. Rb8 Ra6 52. Rb5 Kg6 53. Rc5 Ra3+ 54. Kg2 Rd3 55. Rc6+ Kg7 56. Rc5 Kf6 57. Rb5 Rd6 58. Kf3 Re6 59. Rc5 Re5 60. Rc6+ Kg7 61. Rc7 Ra5 62. Rc6 Ra3+ 63. Ke4 Ra2 64. Kf3 f6 65. Rc8 Ra3+ 66. Ke4 Kf7 67. Rb8 Ra4+ 68. Kf5 Ra5+ 69. Ke4 Re5+ 70. Kf3 f5 71. gxf5 Rxf5 72. Kg4 Re5 73. Rb6 Re2 74. Kxg5 Rxf2 75. Rf6+ Kg7 76. Rxf4 Rxf4 77. Kxf4 1/2-1/2


[Site "https://www.chess.com"]

[Event "Titled Tuesday Blitz July 25 Early 2023"]
[White "Salman, Pavel"]
[Black "Wagner, Dennis"]
[WhiteFideId "24153753"]
[BlackFideId "24650684"]
[WhiteElo "2522"]
[BlackElo "2773"]
[Result "0-1"]
[Round "9"]
[TimeControl "180+2"]
[Date "2023.07.25"]
[WhiteClock "0:00:30"]
[BlackClock "0:00:17"]
[Board "35"]

1. Nf3 Nf6 2. g3 g6 3. Bg2 Bg7 4. c4 O-O 5. Nc3 c6 6. d4 d5 7. Ne5 Bf5 8. Qb3 Nbd7 9. O-O dxc4 10. Nxc4 Nb6 11. Rd1 Be6 12. d5 Nfxd5 13. Nxb6 Qxb6 14. Nxd5 cxd5 15. Qxb6 axb6 16. Bxd5 Rfd8 17. e4 Bxd5 18. exd5 Ra5 19. Be3 Raxd5 20. Rxd5 Rxd5 21. Bxb6 Rb5 22. Be3 Rxb2 23. Rd1 f5 24. a4 Kf7 25. Rd7 Ke6 26. Rc7 Be5 27. Rc1 Rb4 28. a5 Ra4 29. Rb1 Ra1 30. Rxa1 Bxa1 31. Bd2 Kd5 32. Kf1 Kc4 33. Ke2 Bc3 34. Bg5 e5 35. Bd8 Kb5 36. Bc7 e4 37. f3 exf3+ 38. Kxf3 Bxa5 39. Be5 Kc6 40. g4 Bc7 41. Bb2 Kd5 42. gxf5 gxf5 43. h4 h5 44. Ke3 Kc4 45. Bg7 b5 46. Kd2 Bd8 47. Ke3 Bc7 48. Kd2 b4 49. Bf6 b3 50. Ke3 Bb6+ 51. Kd2 Bd4 52. Bg5 Be5 53. Kc1 Kd3 54. Kb1 Ke4 55. Bd8 f4 56. Bb6 f3 57. Bf2 Bd4 58. Bg3 Kf5 59. Be1 Kg4 60. Kc1 Kh3 61. Kb1 Kg2 62. Kc1 Bc3 63. Bxc3 f2 64. Kb2 f1=Q 65. Kxb3 Qf7+ 66. Kc2 Qf5+ 67. Kd1 Qd3+ 68. Bd2 Kf3 69. Kc1 Ke2 70. Bg5 Qc4+ 71. Kb2 Kd3 72. Bf6 Qc2+ 73. Ka3 Qb1 74. Ka4 Kc4 75. Bb2 Qxb2 76. Ka5 Qb5# 0-1


[Site "https://www.chess.com"]

[Event "Titled Tuesday Blitz July 25 Early 2023"]
[White "Attacker_2006"]
[Black "Vakhlamov, Igor L."]
[BlackFideId "24126748"]
[WhiteElo "2469"]
[BlackElo "2772"]
[Result "1-0"]
[Round "9"]
[TimeControl "180+2"]
[Date "2023.07.25"]
[WhiteClock "0:00:11"]
[BlackClock "0:00:00"]
[Board "36"]

1. e4 c5 2. Nc3 e6 3. d4 cxd4 4. Qxd4 Nc6 5. Qd3 a6 6. Qg3 Nb4 7. Bd3 b5 8. Bf4 Nxd3+ 9. cxd3 Bb7 10. Bd6 Bxd6 11. Qxd6 Qb8 12. Qd4 Nf6 13. e5 Nd5 14. Ne4 O-O 15. Nd6 f6 16. Nf3 fxe5 17. Qxe5 Nf4 18. O-O-O Nxg2 19. Nd4 Rxf2 20. Rdf1 Qc7+ 21. Kb1 Raf8 22. Rxf2 Rxf2 23. Nxe6 Qc2+ 24. Ka1 Rf6 25. Nxg7 Qf2 26. Ngf5 Rxf5 27. Nxf5 Kf7 28. Nd6+ Kg6 29. Nxb7 Qf3 30. Qe4+ Qxe4 31. dxe4 Nf4 32. Nc5 a5 33. Nxd7 Ne2 34. Re1 Nd4 35. Ne5+ Kf6 36. Nd3 1-0


[Site "https://www.chess.com"]

[Event "Titled Tuesday Blitz July 25 Early 2023"]
[White "Gubajdullin, Alexei"]
[Black "Ibarra Jerez, Jose Carlos"]
[WhiteFideId "4141202"]
[BlackFideId "2226332"]
[WhiteElo "2689"]
[BlackElo "2917"]
[Result "0-1"]
[Round "9"]
[TimeControl "180+2"]
[Date "2023.07.25"]
[WhiteClock "0:01:16"]
[BlackClock "0:01:26"]
[Board "37"]

1. d4 Nf6 2. Nf3 g6 3. Bf4 d6 4. e3 Bg7 5. Be2 O-O 6. O-O c5 7. c3 Be6 8. Nbd2 Qb6 9. Qc1 Nc6 10. Nc4 Qa6 11. Nfd2 d5 12. b3 cxd4 13. exd4 dxc4 14. bxc4 Na5 15. Qa3 Rac8 16. Qxe7 Nxc4 17. Qb4 Nd5 18. Bxc4 Nxb4 19. Bxa6 Nxa6 20. Ne4 Bd5 21. f3 Bxe4 22. fxe4 Rxc3 23. d5 Nc5 24. Rae1 Nd3 25. Rd1 Bd4+ 26. Kh1 Nf2+ 27. Rxf2 Bxf2 28. d6 Bb6 29. d7 Rc4 30. Bd6 Rd8 31. Be7 Rxd7 0-1


[Site "https://www.chess.com"]

[Event "Titled Tuesday Blitz July 25 Early 2023"]
[White "brm72"]
[Black "Galchenko, Matvey"]
[BlackFideId "24175480"]
[WhiteElo "2677"]
[BlackElo "2888"]
[Result "0-1"]
[Round "9"]
[TimeControl "180+2"]
[Date "2023.07.25"]
[WhiteClock "0:00:01"]
[BlackClock "0:00:12"]
[Board "38"]

1. d4 Nf6 2. c4 c5 3. Nf3 cxd4 4. Nxd4 e5 5. Nb5 d5 6. cxd5 Bc5 7. N1c3 O-O 8. e3 a6 9. Na3 b5 10. Nc2 e4 11. Be2 Bb7 12. O-O Nbd7 13. a3 Qe7 14. b4 Bd6 15. Bb2 Rac8 16. Nd4 Qe5 17. g3 Qg5 18. Rc1 Ne5 19. Kg2 Rcd8 20. h4 Qg6 21. Rh1 Nd3 22. Bxd3 exd3 23. h5 Qg5 24. e4 Rfe8 25. Qxd3 Nxe4 26. Nxe4 Rxe4 27. Nf3 Qxd5 28. Qxd5 Bxd5 29. Rhd1 Bb7 30. Rd2 Be7 31. Rxd8+ Bxd8 32. Rd1 Re8 33. Rd2 Bb6 34. g4 h6 35. Kg3 Bc7+ 36. Kg2 Re4 37. Rd4 Rxd4 38. Bxd4 f6 39. Bc5 Kf7 40. Bd4 Ke6 41. Bc3 Be4 42. Bd4 Bd6 43. Bc3 Kd5 44. Bb2 Kc4 45. Bc1 Kb3 0-1


[Site "https://www.chess.com"]

[Event "Titled Tuesday Blitz July 25 Early 2023"]
[White "Oro, Faustino"]
[Black "Seemann, Jakub"]
[WhiteFideId "20000197"]
[BlackFideId "21874697"]
[WhiteElo "2834"]
[BlackElo "2658"]
[Result "0-1"]
[Round "9"]
[TimeControl "180+2"]
[Date "2023.07.25"]
[WhiteClock "0:00:00"]
[BlackClock "0:00:13"]
[Board "39"]

1. Nf3 Nf6 2. g3 g6 3. Bg2 Bg7 4. b3 O-O 5. Bb2 c5 6. O-O Nc6 7. d4 cxd4 8. Nxd4 Nxd4 9. Bxd4 d5 10. Nd2 Bf5 11. c4 dxc4 12. Nxc4 Be4 13. Rc1 Bxg2 14. Kxg2 Qd5+ 15. Kg1 Rfd8 16. e3 h5 17. h4 Qf5 18. Qe2 Qh3 19. Bxf6 Bxf6 20. Qf3 Bxh4 21. Qxb7 Bf6 22. Rcd1 h4 23. Qg2 Qg4 24. gxh4 Qxh4 25. e4 Bg5 26. Qg3 Qh5 27. f3 a5 28. Kg2 Bf6 29. Ne3 a4 30. b4 a3 31. Nd5 Rac8 32. Rd2 Kg7 33. Rfd1 Rh8 34. Nf4 Qb5 35. Nd5 Qc4 36. Qf4 Rh5 37. Nxf6 exf6 38. Rd6 Rg5+ 39. Kf2 Qxa2+ 40. R1d2 Qa1 41. R6d4 Rc1 42. Rd6 Rf1+ 43. Ke3 a2 44. Ra6 Qc3+ 45. Rd3 Qe1+ 46. Kd4 a1=Q+ 47. Rxa1 Qxa1+ 48. Kc4 Rc1+ 0-1


[Site "https://www.chess.com"]

[Event "Titled Tuesday Blitz July 25 Early 2023"]
[White "Nenezic, Marko"]
[Black "Oleksiyenko, Mykhaylo"]
[WhiteFideId "912123"]
[BlackFideId "4152417"]
[WhiteElo "2779"]
[BlackElo "2677"]
[Result "0-1"]
[Round "9"]
[TimeControl "180+2"]
[Date "2023.07.25"]
[WhiteClock "0:01:03"]
[BlackClock "0:00:45"]
[Board "40"]

1. d4 d5 2. c4 e6 3. Nf3 Nf6 4. g3 Be7 5. Bg2 O-O 6. O-O c6 7. Qc2 dxc4 8. Qxc4 b5 9. Qc2 Bb7 10. a4 Na6 11. Qb3 Qb6 12. a5 Qd8 13. Rd1 Qd5 14. Qc2 Nb4 15. Qd2 c5 16. a6 Nxa6 17. Nc3 Qc6 18. Qe1 cxd4 19. Rxd4 Qb6 20. Be3 Bc5 21. Rd3 Nb4 22. Bxc5 Nxd3 23. Bxb6 Nxe1 24. Nxe1 axb6 25. Rxa8 Bxa8 26. Nxb5 Bxg2 27. Kxg2 Rc8 28. Kf3 Nd5 29. e4 Nb4 30. Nc3 Kf8 31. Ke3 Ke7 32. Nf3 Rd8 33. Nd4 e5 34. Nf5+ Kf8 35. Ke2 f6 36. Ne3 Nd3 37. Nc4 Rd4 38. b3 Nc1+ 0-1


[Site "https://www.chess.com"]

[Event "Titled Tuesday Blitz July 25 Early 2023"]
[White "Tsaruk, Maksim"]
[Black "Pinero Rodriguez, Carlos Jose"]
[WhiteFideId "13511173"]
[BlackFideId "3901726"]
[WhiteElo "2778"]
[BlackElo "2616"]
[Result "1-0"]
[Round "9"]
[TimeControl "180+2"]
[Date "2023.07.25"]
[WhiteClock "0:00:05"]
[BlackClock "0:00:09"]
[Board "41"]

1. e4 c5 2. Nf3 e6 3. d4 cxd4 4. Nxd4 a6 5. c4 Qc7 6. Nc3 Nf6 7. a3 b6 8. Be3 Bb7 9. f3 d6 10. Rc1 Nbd7 11. Be2 Rc8 12. Qd2 Be7 13. O-O O-O 14. Rfd1 Qb8 15. b4 Rfe8 16. Nb3 Rc7 17. Bf1 Rec8 18. Na4 Bc6 19. Nb2 Bb7 20. a4 d5 21. exd5 exd5 22. Bf4 dxc4 23. Bxc4 b5 24. Bxc7 Rxc7 25. axb5 axb5 26. Bxb5 Ne5 27. Rxc7 Qxc7 28. Be2 h5 29. Nc5 Bxc5+ 30. bxc5 Qxc5+ 31. Qd4 Qxd4+ 32. Rxd4 Bc6 33. Kf2 Ng6 34. Nc4 Bb5 35. Rd8+ Kh7 36. Nd6 Bxe2 37. Kxe2 Nf4+ 38. Kf2 Kg6 39. Rf8 Nd3+ 40. Kg1 Ne5 41. f4 Nfd7 42. Rd8 Nd3 43. Rxd7 Nxf4 44. Nxf7 Kf5 45. Rd2 g5 46. Nd6+ Ke5 47. Nc4+ Ke4 48. g3 Nh3+ 49. Kg2 g4 50. Nd6+ Ke5 51. Nf7+ Kf6 52. Nd6 Ke5 53. Nb5 Ng5 54. Nc3 Nf3 55. Rd5+ Kf6 56. Rxh5 Ne1+ 57. Kf2 Nd3+ 58. Ke3 Ne1 59. Ne4+ Kg6 60. Rg5+ Kh6 61. Rxg4 1-0


[Site "https://www.chess.com"]

[Event "Titled Tuesday Blitz July 25 Early 2023"]
[White "ArtemDyachuk"]
[Black "Pakleza, Zbigniew"]
[BlackFideId "1119290"]
[WhiteElo "2611"]
[BlackElo "2777"]
[Result "0-1"]
[Round "9"]
[TimeControl "180+2"]
[Date "2023.07.25"]
[WhiteClock "0:00:12"]
[BlackClock "0:01:11"]
[Board "42"]

1. e4 d6 2. d4 Nf6 3. Nc3 c6 4. Nf3 Bg4 5. Be2 e6 6. O-O d5 7. e5 Nfd7 8. Be3 Be7 9. a4 c5 10. dxc5 Nc6 11. Nb5 Nxc5 12. Bf4 O-O 13. h3 Bxf3 14. Bxf3 a6 15. Nd4 Qb6 16. b3 Rac8 17. Re1 Rfd8 18. Nxc6 Qxc6 19. Re3 Ne4 20. c4 Bc5 21. cxd5 exd5 22. Rc1 Qb6 23. Re2 Nxf2 24. Qc2 Nxh3+ 0-1


[Site "https://www.chess.com"]

[Event "Titled Tuesday Blitz July 25 Early 2023"]
[White "Rozman, Levy"]
[Black "Ahmad, Khagan"]
[WhiteFideId "2039877"]
[BlackFideId "13431552"]
[WhiteElo "2758"]
[BlackElo "2600"]
[Result "1-0"]
[Round "9"]
[TimeControl "180+2"]
[Date "2023.07.25"]
[WhiteClock "0:00:46"]
[BlackClock "0:00:00"]
[Board "43"]

1. e4 c5 2. Nc3 g6 3. d4 Bg7 4. Be3 Nc6 5. d5 Nd4 6. Nf3 Nxf3+ 7. Qxf3 d6 8. Bb5+ Bd7 9. Bxd7+ Qxd7 10. O-O Nf6 11. h3 O-O 12. Rad1 b5 13. e5 dxe5 14. Bxc5 Rfc8 15. b4 a5 16. a3 axb4 17. axb4 Ra3 18. Rd3 Ne8 19. Ne4 Rxd3 20. Qxd3 Nd6 21. Ra1 Qf5 22. f3 Nxe4 23. fxe4 Qd7 24. Ra7 Rc7 25. Rxc7 Qxc7 26. Qxb5 Bf8 27. Qc6 Qd8 28. c4 e6 29. d6 Qg5 30. d7 Qc1+ 31. Kh2 Qf4+ 32. Kh1 Qf1+ 33. Bg1 Be7 34. d8=B Bxd8 35. Qe8+ Kg7 36. Qxd8 Qxc4 37. Qd2 1-0


[Site "https://www.chess.com"]

[Event "Titled Tuesday Blitz July 25 Early 2023"]
[White "Ezat, Mohamed"]
[Black "Csonka, Balazs"]
[WhiteFideId "10600906"]
[BlackFideId "742910"]
[WhiteElo "2597"]
[BlackElo "2757"]
[Result "1/2-1/2"]
[Round "9"]
[TimeControl "180+2"]
[Date "2023.07.25"]
[WhiteClock "0:01:29"]
[BlackClock "0:00:29"]
[Board "44"]

1. d4 Nf6 2. c4 a6 3. Nc3 b5 4. e3 b4 5. Nce2 Bb7 6. Ng3 e6 7. Nf3 c5 8. Bd3 d6 9. O-O Nbd7 10. b3 g6 11. Bb2 Bg7 12. Ng5 O-O 13. N5e4 Nxe4 14. Bxe4 Qc7 15. Qf3 Bxe4 16. Nxe4 a5 17. Rad1 a4 18. Ba1 axb3 19. axb3 d5 20. Nd2 cxd4 21. Bxd4 Bxd4 22. exd4 dxc4 23. Nxc4 Nb6 24. Ne3 Rad8 1/2-1/2


[Site "https://www.chess.com"]

[Event "Titled Tuesday Blitz July 25 Early 2023"]
[White "Schnaider, Ilan"]
[Black "Ilkhomi, Jaloliddin"]
[WhiteFideId "169013"]
[BlackFideId "14700948"]
[WhiteElo "2755"]
[BlackElo "2585"]
[Result "1-0"]
[Round "9"]
[TimeControl "180+2"]
[Date "2023.07.25"]
[WhiteClock "0:00:31"]
[BlackClock "0:01:10"]
[Board "45"]

1. e4 e6 2. d4 d5 3. Nd2 Nf6 4. e5 Nfd7 5. Bd3 c5 6. c3 Nc6 7. Ne2 cxd4 8. cxd4 f6 9. exf6 Qxf6 10. Nf3 h6 11. O-O Bd6 12. Be3 O-O 13. Ng3 Rf7 14. a3 Nf8 15. Qc2 Rc7 16. Qe2 Bd7 17. b4 a6 18. Rac1 Rac8 19. Bb1 Be8 20. Rfe1 Ne7 21. Rxc7 Rxc7 22. Rc1 Rxc1+ 23. Bxc1 Bg6 24. Bd3 Bxd3 25. Qxd3 Nf5 26. Nxf5 Qxf5 27. Qxf5 exf5 28. Nh4 g6 29. Bxh6 Ne6 30. Bd2 Kf7 31. Nf3 Kf6 32. h4 Nc7 33. a4 Ne6 34. g3 Nd8 35. Bg5+ Ke6 36. Bxd8 Bxb4 37. Ne5 Bc3 38. Nxg6 Bxd4 39. h5 Kf7 40. Nf4 b5 41. axb5 axb5 42. Nxd5 Kg7 43. Bg5 Be5 44. Kf1 Bd6 45. Ke2 b4 46. Kd3 b3 47. Kc3 Bc5 48. f3 Bf2 49. g4 fxg4 50. fxg4 Be1+ 51. Kxb3 Bd2 52. Bxd2 1-0


[Site "https://www.chess.com"]

[Event "Titled Tuesday Blitz July 25 Early 2023"]
[White "Matinian, Nikita"]
[Black "Vlassov, Nikolai"]
[WhiteFideId "24129100"]
[BlackFideId "4103360"]
[WhiteElo "2750"]
[BlackElo "2572"]
[Result "1/2-1/2"]
[Round "9"]
[TimeControl "180+2"]
[Date "2023.07.25"]
[WhiteClock "0:00:03"]
[BlackClock "0:00:04"]
[Board "46"]

1. e4 Nc6 2. Nf3 d5 3. exd5 Qxd5 4. Nc3 Qa5 5. h3 Nf6 6. d4 e6 7. Bb5 Bd7 8. O-O Bb4 9. Qd3 a6 10. Bxc6 Bxc6 11. Ne5 O-O 12. Nxc6 bxc6 13. Bd2 Rfd8 14. a3 Bxc3 15. Bxc3 Qb5 16. Rfd1 Nd5 17. b3 Qxd3 18. Rxd3 Nxc3 19. Rxc3 Rxd4 20. Rxc6 Rd7 21. Re1 Kf8 22. Re5 a5 23. a4 Ra7 24. Rb5 Ke7 25. Rcc5 Rd1+ 26. Kh2 Rd2 27. Kg3 Kd6 28. Kf3 c6 29. Rxa5 Rxa5 30. Rxa5 Rxc2 31. Ra7 f5 32. Rxg7 Rc3+ 33. Kf4 Rxb3 34. Rxh7 Rb4+ 35. Kg5 Rxa4 36. g4 fxg4 37. hxg4 c5 38. Rh8 c4 39. Rd8+ Ke5 40. f4+ Ke4 41. Re8 Kd5 42. Rd8+ Ke4 43. Re8 Kd5 44. Kf6 c3 45. Rd8+ Ke4 46. g5 Rc4 47. Rd1 Kxf4 48. g6 Ke3 49. g7 Rc8 50. Rg1 c2 51. Kxe6 Kd2 52. Rg2+ Kd1 53. Rxc2 Kxc2 54. Kf7 Rc7+ 55. Kf8 Rxg7 56. Kxg7 1/2-1/2


[Site "https://www.chess.com"]

[Event "Titled Tuesday Blitz July 25 Early 2023"]
[White "vishwa_vijeta"]
[Black "djokovic74"]
[WhiteElo "2566"]
[BlackElo "2748"]
[Result "1-0"]
[Round "9"]
[TimeControl "180+2"]
[Date "2023.07.25"]
[WhiteClock "0:00:14"]
[BlackClock "0:00:09"]
[Board "47"]

1. e4 e6 2. d4 d5 3. Bd3 dxe4 4. Bxe4 Nf6 5. Bf3 c5 6. Ne2 Nc6 7. Be3 e5 8. Bxc6+ bxc6 9. dxe5 Qxd1+ 10. Kxd1 Ng4 11. Nbc3 Be7 12. Ke1 Nxe3 13. fxe3 O-O 14. e4 Rb8 15. b3 f6 16. Rf1 c4 17. Rd1 fxe5 18. Rxf8+ Kxf8 19. Kd2 Bg5+ 20. Ke1 Ke7 21. Ng3 g6 22. Nge2 Be6 23. Na4 Be3 24. Nb2 cxb3 25. cxb3 Rf8 26. Nd3 Bg4 27. Nxe5 Bf2+ 28. Kd2 Be6 29. Nxc6+ Kd7 30. Ne5+ Kc7 31. Nd3 Bb6 32. Nc3 Kb7 33. Nd5 Bd8 34. Nc5+ Kc8 35. Nxe6 Rf2+ 36. Ke3 Rxg2 37. Nxd8 Rxa2 38. Ne6 Rb2 39. Ne7+ Kb7 40. Nc5+ Kb6 41. Na4+ 1-0


[Site "https://www.chess.com"]

[Event "Titled Tuesday Blitz July 25 Early 2023"]
[White "Atakhan, Abtin"]
[Black "Andreev, Konstantin"]
[WhiteFideId "22502203"]
[BlackFideId "24239305"]
[WhiteElo "2747"]
[BlackElo "2547"]
[Result "0-1"]
[Round "9"]
[TimeControl "180+2"]
[Date "2023.07.25"]
[WhiteClock "0:00:00"]
[BlackClock "0:00:06"]
[Board "48"]

1. Nf3 Nf6 2. g3 b5 3. Na3 b4 4. Nc4 e6 5. d4 Bb7 6. Bg2 c5 7. c3 bxc3 8. bxc3 Be7 9. dxc5 Bxc5 10. Nd6+ Bxd6 11. Qxd6 Qe7 12. Qxe7+ Kxe7 13. Ba3+ d6 14. O-O Na6 15. Rfd1 Rhd8 16. Ne5 Bxg2 17. Kxg2 Rac8 18. Rab1 Rc7 19. c4 Ne4 20. Rd4 Nc3 21. Rb2 Na4 22. Rbd2 N4c5 23. Nf3 Rc6 24. e4 f6 25. e5 fxe5 26. Nxe5 Rb6 27. Nd3 Rc8 28. Nf4 Nb7 29. Ne2 Rbc6 30. Rh4 h6 31. Rc2 Na5 32. Rg4 g5 33. c5 Nxc5 34. Nd4 Rb6 35. Re2 e5 36. Nf5+ Kf6 37. Ne3 h5 38. Nd5+ Kf5 39. Nxb6 axb6 40. Rb4 Rc6 41. Rb5 Nc4 42. Bc1 Na4 43. Rb4 b5 44. h3 d5 45. Re1 Rc5 46. Rb3 d4 47. Rf3+ Kg6 48. g4 hxg4 49. hxg4 Nc3 50. Rf5 Nxa2 51. Rxg5+ Kf6 52. Rf5+ Kg6 53. Rg5+ Kf6 54. Rf5+ Ke6 55. Bh6 d3 56. Bf8 Rc8 57. f4 d2 58. Rfxe5+ Nxe5 59. Rxe5+ Kf6 60. Be7+ Kf7 61. Rd5 Kxe7 62. Rxd2 Nc3 63. f5 Kf6 64. Rd6+ Kg5 65. Rg6+ Kf4 66. f6 Rf8 67. g5 b4 68. Rg7 Nd5 69. Rb7 Rg8 70. f7 Rxg5+ 71. Kf2 Rf5 72. Ke2 Ke4 73. Rb5 Kd4 74. Rb7 Kc4 75. Kd2 b3 76. Kc1 Rf2 77. Kb1 Kc3 0-1


[Site "https://www.chess.com"]